 Dungeon Crawl Stone Soup version 0.21-a0-2-ge494091 (webtiles) character file.

11632 wolfsongas the Cleaver (level 11, -9/98 (99) HPs)
             Began as a Minotaur Fighter on May 21, 2017.
             Was a Believer of the Shining One.
             Mangled by a 13-headed hydra (10 damage)
             ... on level 12 of the Dungeon.
             The game lasted 00:23:08 (8644 turns).

wolfsongas the Cleaver (Minotaur Fighter)           Turns: 8644, Time: 00:23:08

HP:   -9/98 (99)    AC: 18    Str: 30    XL:     11   Next: 51%
MP:   10/10         EV:  6    Int:  7    God:    the Shining One [**....]
Gold: 289           SH: 25    Dex: 13    Spells: 10/10 levels left

rFire    . . .     SeeInvis .   a - +1 war axe
rCold    + + +     Gourm    +   f - +5 large shield of the First Snow {rC++ rN+}
rNeg     + + .     Faith    .   k - +1 chain mail
rPois    .         Spirit   .   (helmet restricted)
rElec    .         Reflect  .   g - +2 cloak
rCorr    .         Harm     .   (no gloves)
MR       .....                  (no boots)
Stlth    ..........             B - amulet of the gourmand
Regen    0.3/turn               y - +4 ring of strength
MPRegen  0.2/turn               j - +5 ring of strength

@: glowing
A: retaliatory headbutt, horns 2, icy blue scales 1, clever 1, cold resistance 1
a: Divine Shield, Renounce Religion


You were on level 12 of the Dungeon.
You worshipped the Shining One.
The Shining One was pleased with you.
You were very full.

You visited 2 branches of the dungeon, and saw 13 of its levels.
You also visited: Sewer.

You collected 517 gold pieces.
You spent 228 gold pieces at shops.

Inventory:

Hand Weapons
 a - a +1 war axe (weapon)
 C - the +10 zealot's sword {holy, *Rage rN+ EV+3}
   (You found it on level 10 of the Dungeon)

   It has been blessed by the Shining One to cause great damage to the undead
   and demons.
   It affects your evasion (+3).
   It protects you from negative energy.
   It may make you go berserk in combat.
Armour
 c - a +0 shield
 f - the +5 large shield of the First Snow (worn) {rC++ rN+}
   (You bought it in a shop on level 4 of the Dungeon)

   It greatly protects you from cold.
   It protects you from negative energy.
 g - a +2 cloak (worn)
 k - a +1 chain mail (worn)
Jewellery
 d - an uncursed ring of flight
 j - a +5 ring of strength (right hand)
 r - an uncursed ring of protection from magic
 u - a cursed ring of loudness {unknown}
 y - a +4 ring of strength (left hand)
 B - an amulet of the gourmand (around neck)
 E - a cursed ring of loudness {unknown}
Wands
 e - a wand of lightning (7/15)
 t - a wand of digging (13/24)
Scrolls
 i - a scroll of enchant armour
 l - 2 scrolls of fear
 n - 5 scrolls of amnesia
 o - 3 scrolls of teleportation
Potions
 b - a potion of lignification
 h - a potion of agility
 m - 2 potions of brilliance
 q - 6 potions of curing
 v - a potion of flight
 x - 2 potions of berserk rage
 z - 3 potions of heal wounds
 A - a potion of resistance
Miscellaneous
 D - a phantom mirror
Comestibles
 p - 5 bread rations
 w - 5 royal jellies


   Skills:
 + Level 10.0 Fighting
 + Level 12.7 Axes
 + Level 9.9 Armour
 * Level 12.5 Shields


You had 10 spell levels left.
You didn't know any spells.

Dungeon Overview and Level Annotations

Branches:
Dungeon (12/15)            Temple (1/1) D:6            Lair (0/6) D:8
    Orc: D:9-12

Altars:
Ashenzari
Cheibriados
Fedhas
Gozag
Hepliaklqana
Makhleb
Nemelex Xobeh
Okawaru
Qazlal
Ru
Trog
Vehumet
Wu Jian
Yredelemnul
Zin
The Shining One

Shops:
D:4 [   D:6 [   D:9 *


Innate Abilities, Weirdness & Mutations

You reflexively headbutt those who attack you in melee.
You have a pair of horns on your head.
You are partially covered in icy blue scales. (AC +2)
Your mind is acute. (Int +2)
Your flesh is cold resistant. (rC+)


Message History

The 12-headed hydra bites you! The 12-headed hydra bites you.
* * * LOW HITPOINT WARNING * * *
The 12-headed hydra bites you.
* * * LOW HITPOINT WARNING * * *
You chop one of the 12-headed hydra's heads off!
The 11-headed hydra grows two more!
You slash the 13-headed hydra! You headbutt the 13-headed hydra!
The 13-headed hydra is severely wounded.
You block the 13-headed hydra's attack. The 13-headed hydra bites you.
* * * LOW HITPOINT WARNING * * *
You block the 13-headed hydra's attack. x2
The 13-headed hydra bites you but does no damage.
The 13-headed hydra bites you!
* * * LOW HITPOINT WARNING * * *
The 13-headed hydra bites you!
* * * LOW HITPOINT WARNING * * *
The 13-headed hydra bites you. The Shining One protects you from harm!
The 13-headed hydra bites you!
You die...

....####....##)###### #.
###............)....##.?
........##...#.###....#
############.#.......##
#.##........
#..........#
#...........
#....#.........
..####.@.>..... #
#.D....... #.........
##.......# .?.......
......... ..!......
#....[....


You could see a 13-headed hydra.

Vanquished Creatures
  5 two-headed ogres
  A manticore (D:12)
  A deep elf mage (D:11)
  An elephant (D:8)
  A troll (D:10)
  3 hippogriffs
  3 slime creatures (D:12)
  Sigmund (D:2)
  3 hogs (D:7)
  A basilisk (D:8)
  A yak (D:7)
  A human (D:7)
  A soldier ant (D:12)
  An acid dragon (D:11)
  A water moccasin (D:10)
  3 orc warriors
  3 ice beasts
  Purgy (Sewer)
  2 sky beasts
  A necrophage (D:8)
  An ogre (D:6)
  3 phantoms
  2 centaurs
  A crocodile (D:8)
  The ghost of AverageBear the Ducker, an amateur DEFi (D:4)
  A big kobold (D:11)
  A gnoll sergeant (D:11)
  3 bullfrogs
  A wyvern zombie (D:11)
  4 scorpions
  4 wights (D:7)
  5 howler monkeys
  2 centaur zombies
  6 crimson imps
  4 hounds
  A bullfrog zombie (D:11)
  6 orc priests
  4 centaur skeletons
  2 jellies
  10 orc wizards
  A bullfrog skeleton (D:8)
  2 iguanas
  A worker ant (D:9)
  A hound skeleton (D:9)
  6 gnolls
  A howler monkey skeleton (D:4)
  13 adders
  An adder skeleton (D:5)
  7 worms
  2 leopard geckos
  33 orcs
  3 ball pythons
  12 bats
  3 giant cockroaches
  11 goblins
  4 hobgoblins
  5 jackals
  A quokka (D:5)
  8 frilled lizards
  11 kobolds
  8 rats
231 creatures vanquished.

Notes
Turn   | Place    | Note
-------+----------+-------------------------------------------
     0 | D:1      | wolfsongas the Minotaur Fighter began the quest for the Orb.
     0 | D:1      | Reached XP level 1. HP: 19/19 MP: 0/0
   425 | D:1      | Reached XP level 2. HP: 25/26 MP: 1/1
   882 | D:2      | Reached XP level 3. HP: 30/31 MP: 2/2
  1115 | D:2      | Reached skill level 5 in Axes
  1158 | D:2      | Gained mutation: Your mind is acute. (Int +2) [potion of mutation]
  1158 | D:2      | Gained mutation: You are partially covered in icy blue scales. (AC +2) [potion of mutation]
  1158 | D:2      | Gained mutation: Your flesh is cold resistant. (rC+) [potion of mutation]
  1217 | D:2      | Noticed Sigmund
  1223 | D:2      | Reached XP level 4. HP: 38/39 MP: 3/3
  1234 | D:2      | Killed Sigmund
  1234 | D:2      | Reached XP level 5. HP: 28/45 MP: 4/4
  1535 | D:3      | Found a glowing drain.
  1549 | Sewer    | Entered a sewer
  1555 | Sewer    | Noticed Purgy
  1578 | Sewer    | Killed Purgy
  1578 | Sewer    | Reached XP level 6. HP: 35/51 MP: 5/5
  2462 | D:4      | Reached XP level 7. HP: 36/57 MP: 6/6
  2978 | D:4      | Found Neodydod's Antique Armour Shop.
  3013 | D:4      | Noticed AverageBear's ghost (amateur DEFi)
  3021 | D:4      | Killed AverageBear's ghost
  3424 | D:5      | Entered Level 5 of the Dungeon
  3658 | D:5      | Reached skill level 10 in Axes
  3785 | D:5      | Reached XP level 8. HP: 61/67 MP: 7/7
  3962 | D:5      | Reached skill level 5 in Fighting
  3962 | D:5      | Reached skill level 5 in Armour
  3962 | D:5      | Reached skill level 5 in Shields
  4267 | D:4      | Bought a heavily runed large shield for 228 gold pieces
  4277 | D:4      | Identified the +5 large shield of the First Snow {rC++ rN+} (You bought it in a shop on level 4 of the Dungeon)
  4403 | D:6      | Noticed a hippogriff
  4410 | D:6      | Killed a hippogriff
  4507 | D:6      | Found a staircase to the Ecumenical Temple.
  4516 | Temple   | Entered the Ecumenical Temple
  4595 | Temple   | Became a worshipper of the Shining One
  5003 | D:6      | Found Qeruaraw's Armour Shoppe.
  5379 | D:7      | Reached XP level 9. HP: 57/75 MP: 8/8
  5823 | D:7      | Found a blossoming altar of Fedhas.
  5979 | D:8      | Noticed an elephant
  5979 | D:8      | Found a staircase to the Lair.
  5999 | D:8      | Killed an elephant
  6186 | D:8      | Reached XP level 10. HP: 85/88 MP: 9/9
  6326 | D:8      | Reached * piety under the Shining One
  6443 | D:8      | Found a glowing silver altar of Zin.
  6443 | D:8      | Found a sparkling altar of Nemelex Xobeh.
  6444 | D:8      | Found an ornate altar of the Wu Jian Council.
  6484 | D:8      | Found an iron altar of Okawaru.
  6784 | D:9      | Found Posiumej's General Store.
  6866 | D:9      | Reached skill level 10 in Shields
  7209 | D:9      | Noticed a two-headed ogre
  7217 | D:9      | Killed a two-headed ogre
  7306 | D:10     | Entered Level 10 of the Dungeon
  7529 | D:10     | Noticed a two-headed ogre
  7544 | D:10     | Killed a two-headed ogre
  8016 | D:11     | Reached ** piety under the Shining One
  8023 | D:11     | Noticed a deep elf mage
  8031 | D:11     | Killed a deep elf mage
  8031 | D:11     | Reached XP level 11. HP: 96/96 MP: 10/10
  8075 | D:11     | Noticed a two-headed ogre
  8080 | D:11     | Killed a two-headed ogre
  8106 | D:11     | Noticed a two-headed ogre
  8118 | D:11     | Killed a two-headed ogre
  8366 | D:11     | Noticed a two-headed ogre
  8375 | D:11     | Killed a two-headed ogre
  8632 | D:12     | Noticed a seven-headed hydra
  8637 | D:12     | Reached skill level 10 in Fighting
  8644 | D:12     | HP: 1/98 [13-headed hydra (9)]
  8644 | D:12     | The Shining One protects you from harm!
  8644 | D:12     | Mangled by a 13-headed hydra

Vault maps used:
D:1:      dpeg_arrival_water_fire
D:2:      uniq_sigmund
D:3:      cheibrodos_sewer_entry_bend, minivault_14, minmay_quantized
D:4:      serial_shops, nicolae_shop_waterfront,
          hangedman_abyss_or_decor_stagger
D:5:      first_bread
D:6:      minmay_temple_entry_enclosed_plants, serial_shops,
          nicolae_shop_waterfront
D:7:      grunt_livestock, fedhas_altar_2
D:8:      nicolae_overflow_quartered_altars, david_lair_generic
D:9:      serial_shops, shop, kennysheep_another_room
D:12:     orc_0_dummy, serial_shops, nicolae_shop_statue_plus
Temple:   eino_narrow_crystal_temple
Sewer:    kennysheep_door_sewer

Skill      XL: |  1  2  3  4  5  6  7  8  9 10 11 |
---------------+----------------------------------+-----
Axes           | 3 4 5 7 8 9 10 11 12 | 12.7
Armour         | 4 6 7 9 |  9.9
Fighting       | 4 6 7 9 10 | 10.0
Shields        | 4 7 9 11 12 | 12.5

Action                   |  1- 3 |  4- 6 |  7- 9 | 10-12 || total
-------------------------+-------+-------+-------+-------++-------
Melee: War axe           |    73 |   109 |   227 |   227 ||   636
       Headbutt          |     8 |    26 |    48 |    66 ||   148
  Use: Potion            |     6 |     3 |     5 |     2 ||    16
       Scroll            |     5 |     6 |     6 |     4 ||    21
 Stab: Invisible         |       |       |     1 |       ||     1
  Eat: Chunk             |     1 |     2 |       |     6 ||     9
       Meat ration       |       |     1 |     1 |     1 ||     3
       Bread ration      |       |     1 |       |       ||     1
       Fruit             |       |       |     3 |       ||     3
       Royal jelly       |       |       |     1 |       ||     1
Armor: Scale mail        |    36 |    61 |    70 |       ||   167
       Chain mail        |       |       |     1 |    57 ||    58
Dodge: Dodged            |    23 |    35 |    48 |    19 ||   125
Block: Shield            |    42 |    61 |    33 |       ||   136
       Large shield      |       |       |   135 |   220 ||   355
